 Dungeon Crawl Stone Soup version 0.26-a0-852-g6321bf7485 (webtiles) character file.

Game seed: 11777863958768870103

60 gishou the Skirmisher (level 4, 0/28 HPs)
             Began as a Kobold Fighter on Nov 21, 2020.
             Slain by a gnoll
             ... wielding a +0 halberd
              (9 damage)
             ... on level 2 of the Dungeon.
             The game lasted 00:02:32 (1851 turns).

gishou the Skirmisher (Kobold Fighter)              Turns: 1851, Time: 00:02:32

Health: 0/28       AC:  7    Str: 14    XL:     4   Next: 24%
Magic:  3/5        EV:  9    Int:  9    God:
Gold:   66         SH:  9    Dex: 14    Spells: 4/4 levels left

rFire    . . .     SeeInvis .   a - +0 flail
rCold    . . .     Faith    .   c - +0 kite shield
rNeg     . . .     Spirit   .   b - +0 scale mail
rPois    .         Reflect  .   (no helmet)
rElec    .         Harm     .   g - +0 cloak
rCorr    .         Rampage  .   (no gloves)
MR       +....                  (no boots)
Stlth    +.........             (no amulet)
HPRegen  0.09/turn              h - ring of protection from magic
MPRegen  0.09/turn              (no ring)

@: mighty
A: small, nightstalker 3
a: no special abilities


You were on level 2 of the Dungeon.
You visited 1 branch of the dungeon, and saw 2 of its levels.

You collected 66 gold pieces.

Inventory:

Hand Weapons
 a - a +0 flail (weapon)
Armour
 b - a +0 scale mail (worn)
 c - a +0 kite shield (worn)
 g - a +0 cloak (worn)
Jewellery
 h - a ring of protection from magic (left hand)
Scrolls
 f - a scroll of magic mapping {unknown}
Potions
 e - a potion of curing {unknown}


   Skills:
 + Level 3.6 Fighting
 * Level 2.5 Maces & Flails
 + Level 2.6 Armour
 + Level 1.0 Dodging
 + Level 2.6 Shields
 + Level 0.9 Spellcasting
 + Level 0.9 Necromancy


You had 4 spell levels left.
You didn't know any spells.
Your spell library was empty.

Dungeon Overview and Level Annotations

Branches:
Dungeon (2/15)

Altars:


Innate Abilities, Weirdness & Mutations

You are small and have problems with some larger weapons.
You are completely attuned to the shadows.


Message History

The gnoll hits you but does no damage. The gnoll misses you.
You sock the gnoll!
You kill the gnoll!
The bat hits you but does no damage. You block the gnoll's attack.
The gnoll barely misses you.
Your Dodging skill increases to level 1!
You have reached level 4!
The bat hits you but does no damage. You block the gnoll's attack.
You sock the gnoll!
You kill the gnoll!
The bat closely misses you.
There is a stone staircase leading up here.
You miss the bat. The bat hits you but does no damage.
You block the bat's attack.
You miss the bat. You block the bat's attack. x2
You hit the bat.
You kill the bat!
The gnoll shouts!
The gnoll hits you from afar with a +0 halberd!
You die...

####...##.#
..........#
####...##.#
..........##.## #
#..#####.#.##... #.
#..# #.........
#.####g.####..#.##.##
#...†.).......#.#...#
#...@)........#......
##.###..#########...#
#. #..............##
#. #.##############
#. #. #.


You could see a gnoll.

Vanquished Creatures
  3 gnolls
  An adder (D:2)
  A dart slug (D:1)
  9 hobgoblins (D:1)
  3 bats
  2 goblins (D:1)
  A kobold (D:1)
20 creatures vanquished.

Notes
Turn   | Place    | Note
-------+----------+-------------------------------------------
     0 | D:1      | gishou the Kobold Fighter began the quest for the Orb.
     0 | D:1      | Reached XP level 1. HP: 14/14 MP: 1/1
   423 | D:1      | Reached XP level 2. HP: 19/19 MP: 2/2
  1082 | D:1      | Reached XP level 3. HP: 19/23 MP: 3/3
  1844 | D:2      | Reached skill level 1 in Dodging
  1844 | D:2      | Reached XP level 4. HP: 8/28 MP: 3/5
  1851 | D:2      | Slain by a gnoll

Illustrated notes

Levels and vault maps discovered:
D:1:      co_arrival_random_square_maze, layout_rooms, item_on_display_b
D:2:      layout_loops_ring, uniq_terence

Skill      XL: |  1  2  3 |
---------------+----------+-----
Maces & Flails | 2 |  2.5
Dodging        | 1 |  1.0
Fighting       | |  3.6
Armour         | |  2.6
Shields        | |  2.6
Spellcasting   | |  0.9
Necromancy     | |  0.9

Action                   |  1- 3 |  4- 6 || total
-------------------------+-------+-------++-------
Melee: Flail             |    79 |     4 ||    83
  Use: Potion            |     2 |       ||     2
 Stab: Distracted        |     1 |       ||     1
Armor: Scale mail        |    41 |     2 ||    43
Dodge: Dodged            |    31 |     1 ||    32
Block: Kite shield       |    61 |     4 ||    65

Table legend: (Time is in decaauts)
 A = Elapsed time spent in this place.
 B = Non-inter-level travel time spent in this place.
 C = Inter-level travel time spent in this place.
 D = Time resting spent in this place.
 E = Time spent auto-exploring this place.
 F = Levels seen in this place.
 G = Mean time per level.
                   A        B        C        D        E       F      G
               +--------+--------+--------+--------+--------+-----+--------+
         Total |   1884 |   1876 |      8 |   1010 |    625 |   2 |  942.0 |
       Dungeon |   1884 |   1876 |      8 |   1010 |    625 |   2 |  942.0 |
               +--------+--------+--------+--------+--------+-----+--------+

Top non-repeatable levels by time:
     D:1: 1636 daAuts
     D:2: 248 daAuts
